 Dungeon Crawl Stone Soup version 0.21.1-1-g345015f (webtiles) character file.

200691 rgaf the Warrior (level 19, -12/134 HPs)
             Began as a Kobold Berserker on June 18, 2018.
             Was the Champion of Trog.
             Mangled by a spark wasp (15 damage)
             ... on level 4 of the Spider Nest.
             The game lasted 01:13:30 (50640 turns).

rgaf the Warrior (Kobold Berserker)                Turns: 50640, Time: 01:13:30

Health: -12/134    AC: 39    Str: 21 (22) XL:     19   Next: 22%
Magic:  8/8        EV: 10    Int: 10      God:    Trog [******]
Gold:   1340       SH:  4    Dex: 12 (13) Spells: 18/18 levels left

rFire    + . .     SeeInvis .   a - +10 quick blade (antimagic)
rCold    . . .     Gourm    .   (shield restricted)
rNeg     . . .     Faith    .   L - +1 plate armour {rF+}
rPois    +         Spirit   .   O - +2 hat
rElec    .         Reflect  +   q - +2 cloak {rPois}
rCorr    .         Harm     .   S - +2 pair of gloves {archery}
MR       ++...                  x - +1 pair of boots
Stlth    ..........             A - +4 amulet of reflection
HPRegen  0.32/turn              v - ring of protection from magic
MPRegen  0.11/turn              r - ring of Robustness {AC+8}

@: lethally poisoned (-12 -> -12), berserk cooldown, slowed, studying 2 skills,
very slow
A: small, talons 1, thin metallic scales 1, carnivore, clumsy 1, strong 1
}: 1/15 runes: decaying
a: Berserk, Trog's Hand, Brothers in Arms, Burn Spellbooks, Renounce Religion


You were on level 4 of the Spider Nest.
You worshipped Trog.
Trog was exalted by your worship.
You were not hungry.

You visited 5 branches of the dungeon, and saw 31 of its levels.
You also visited: Trove.

You collected 3435 gold pieces.
You spent 2095 gold pieces at shops.

Inventory:

Hand Weapons
 a - a +10 antimagic quick blade (weapon)
 b - a +3 arbalest of freezing
 w - a +3 scimitar of flaming
 E - a +9 quick blade
 N - the +9 rapier "Gacwowke" {venom, Int+4}
   (You found it on level 1 of the Swamp)

   It poisons the flesh of those it strikes.
   It affects your intelligence (+4).
 U - a +7 antimagic quick blade
Missiles
 f - 264 bolts
Armour
 q - a +2 cloak of poison resistance (worn)
 x - a +1 pair of boots (worn)
 L - a +1 plate armour of fire resistance (worn)
 O - a +2 hat (worn)
 S - a +2 pair of gloves of archery (worn)
Jewellery
 m - an uncursed ring of protection from cold
 r - the ring of Robustness (right hand) {AC+8}
   (You found it on level 2 of the Lair of Beasts)

   [ring of protection]

   It affects your AC (+8).
 v - a ring of protection from magic (left hand)
 A - a +4 amulet of reflection (around neck)
 H - the amulet "Fugom" {+Rage rPois Int+2 SInv}
   (You found it in a treasure trove)

   [amulet of rage]

   It affects your intelligence (+2).
   It protects you from poison.
   It lets you see invisible.
   It lets you go berserk.
 R - a +2 amulet of reflection
 Y - a +3 ring of protection {unknown}
Wands
 t - a wand of random effects (26)
 z - a wand of paralysis (11)
 D - a wand of disintegration (64)
 G - a wand of flame (58)
 K - a wand of polymorph (15)
 W - a wand of digging (3)
Scrolls
 g - 2 scrolls of blinking
 i - 4 scrolls of fear
 p - 9 scrolls of teleportation
 s - 4 scrolls of magic mapping
 u - 19 scrolls of enchant weapon
 y - 6 scrolls of fog
 I - 5 scrolls of remove curse
 Q - a scroll of silence
 T - 3 scrolls of enchant armour
 V - 2 scrolls of holy word
Potions
 e - 4 potions of heal wounds
 h - 3 potions of invisibility
 k - 2 potions of haste
 l - 5 potions of agility
 n - 3 potions of might
 o - 5 potions of berserk rage
 B - 2 potions of magic
 C - 9 potions of curing
 F - a potion of mutation
 J - 2 potions of brilliance
 M - 2 potions of ambrosia
 P - 4 potions of cancellation
 X - a potion of lignification
 Z - 3 potions of flight
Books
 d - a manual of Axes
 j - a manual of Shields
Comestibles
 c - 69 rations


   Skills:
 * Level 19.7 Fighting
 - Level 10.6(14.6) Short Blades
 - Level 11.2(12.0) Long Blades
 * Level 14.9 Crossbows
 + Level 14.3 Armour
 - Level 2.4 Dodging
 - Level 8.3 Evocations


You had 18 spell levels left.
You didn't know any spells.

Dungeon Overview and Level Annotations

Branches:
Dungeon (15/15)            Temple (0/1) D:6            Lair (6/6) D:11
  Swamp (4/4) Lair:3       Spider (4/4) Lair:2        Slime (0/5) Lair:5
    Orc (2/2) D:9             Elf (0/3) Orc:2        Vaults (0/5) D:13
 Depths (0/5) D:15

Altars:
Ashenzari
Fedhas
Gozag
Kikubaaqudgha
Makhleb
Sif Muna
Vehumet
Beogh
Jiyva
Lugonu

Shops:
D:14 ?   Orc:2 (:!?

Annotations:
D:4 exclusion: door
Lair:6 exclusion: ice statue


Innate Abilities, Weirdness & Mutations

You are small and have problems with some larger weapons.
You are carnivorous and can eat meat at any time.
You have sharp toenails.
You are partially covered in thin metallic scales. (AC +2)
You are clumsy. (Dex -2)
Your muscles are strong. (Str +2)


Message History

Aiming: Disintegrate
Press: ? - help, Shift-Dir - straight line, f - spark wasp
Aim: a spark wasp (lightly wounded, chance to defeat MR: 77%)
The spark wasp barely resists.
The spark wasp closely misses you. The spark wasp barely misses you.
Evoke which item? (* to show all) (? for menu, Esc to quit)
Aiming: Disintegrate
Press: ? - help, Shift-Dir - straight line, f/p - spark wasp
Aim: a spark wasp (lightly wounded, chance to defeat MR: 77%)
The spark wasp is blasted.
The spark wasp stings you. The spark wasp shocks you!
* * * LOW HITPOINT WARNING * * *
The spark wasp stings you.
* * * LOW HITPOINT WARNING * * *
The spark wasp shocks you!
* * * LOW HITPOINT WARNING * * *
The spark wasp stings you!
* * * LOW HITPOINT WARNING * * *
The spark wasp shocks you!
You die...

.'...## ##......# .'...#
########......## ##...#
##....##....#### #...#
##......#....#
#...####^......#....###
##....##..............##
#...#......#.<..#.....#
#.........##.y###.....# #
###...........@.##.†.## ##
#^......†.†.....#....##### ≈#
#....#..^###....#....#...## ≈#
#.)^#######......#.......^# ≈#
###.##....#...............# ##
#..............^#.##......# ##
#
#^...^.......^..###^....#####.
#
#...#..##......##........###..
#...#^#####.^##...........##..


You could see a spark wasp.

Vanquished Creatures
  Gastronok (D:8)
  3 thorn hunters (Swamp:4)
  A ghost moth (Spider:4)
  An orc warlord (Orc:1)
  Louise (Swamp:3)
  3 emperor scorpions
  4 entropy weavers
  A spark wasp (Spider:4)
  Snorg (D:13)
  A fire dragon (Lair:5)
  Josephine (Lair:4)
  Erolcha (Orc:2)
  24 hydras
  A catoblepas (Lair:6)
  4 ghost crabs
  A death knight (D:13)
  A centaur warrior (D:13)
  8 alligators
  The ghost of meikai the Cleaver, a novice DDBe of Trog (D:10)
  A tengu warrior (D:14)
  5 two-headed ogres
  6 death yaks (Lair:6)
  A deep troll shaman (Lair:6)
  An orc high priest (Orc:1)
  Urug (Orc:1)
  2 spriggan berserkers (Swamp:4)
  Nergalle (Orc:1)
  6 skeletal warriors
  7 swamp dragons
  3 unseen horrors
  2 shambling mangroves
  A necromancer (D:14)
  2 wizards
  A phantasmal warrior (D:15)
  2 wolf spider zombies
  16 wolf spiders
  4 deep elf magi
  3 orc knights (Orc:1)
  13 orb spiders
  12 orc sorcerers
  Pikel (D:4)
  15 ugly things
  2 centaur zombies
  4 manticores
  2 cyclopes
  Maurice (D:13)
  A stone giant skeleton (D:15)
  6 elephants
  A fire giant skeleton (D:15)
  7 black mambas
  2 gargoyles
  A torpor snail (Spider:4)
  15 spiny frogs
  2 freezing wraiths
  An efreet (D:15)
  3 kobold demonologists (D:14)
  9 rime drakes
  18 demonic crawlers
  8 komodo dragons
  A guardian mummy (D:15)
  2 queen bees
  A spriggan skeleton (D:15)
  26 jumping spiders
  5 polar bears
  8 tyrant leeches
  Grinder (D:5)
  8 trolls
  10 bog bodies
  An ettin zombie (D:15)
  Prince Ribbit (D:5)
  14 blink frogs
  13 hornets
  A meliai zombie (D:10)
  13 slime creatures
  14 dream sheep
  10 hippogriffs
  The ghost of mole0619 the Shield-Bearer, an amateur GrFi (D:4)
  4 shadows
  55 redbacks
  26 tarantellas
  38 yaks
  5 spriggans
  4 wyverns
  6 wraiths
  4 basilisks
  Grum (D:8)
  20 vampire mosquitoes
  2 hungry ghosts (D:9)
  9 steam dragons
  Menkaure (D:6)
  21 swamp worms
  11 insubstantial wisps
  3 wargs (Orc:1)
  2 acid dragons
  14 water moccasins
  8 porcupines
  6 swamp drakes
  12 ice beasts
  2 phantoms
  30 orc warriors
  2 eyes of draining
  3 sky beasts
  2 black bears
  A necrophage (D:9)
  6 centaurs
  14 ogres
  23 wolves
  12 crocodiles
  11 big kobolds
  Blork the orc (D:6)
  22 bullfrogs
  2 scorpions
  A water moccasin skeleton (D:11)
  13 wights
  55 killer bees
  7 electric eels
  5 howler monkeys
  3 crimson imps
  4 hounds
  2 jellies
  15 orc priests
  37 orc wizards
  2 centaur skeletons
  4 bullfrog skeletons
  2 iguanas
  11 worker ants
  A killer bee zombie (D:9)
  2 hound skeletons
  A howler monkey zombie (D:8)
  A worker ant zombie (D:10)
  3 gnolls (D:3)
  10 adders
  6 shadow imps
  2 white imps (Lair:6)
  An adder zombie (D:7)
  An adder skeleton (D:5)
  3 worms
  2 dart slugs (D:1)
  3 leopard geckos
  91 orcs
  4 giant cockroaches (D:2)
  9 goblins
  8 hobgoblins
  21 jackals
  4 quokkas
  A ball python (D:2)
  4 bats
  7 frilled lizards
  A jackal skeleton (D:6)
  44 kobolds
  A leopard gecko zombie (D:8)
  A quokka skeleton (D:8)
  2 quokka zombies (D:5)
  8 rats
1164 creatures vanquished.

Vanquished Creatures (collateral kills)
  2 hydras
  2 catoblepae
  Erica (D:8)
  A skeletal warrior (D:8)
  3 polar bears (Lair:2)
  A steam dragon (Lair:5)
10 creatures vanquished.

Vanquished Creatures (others)
  A bog body (Swamp:4)
  A slave (D:4)
  4 orc wizards
  A worker ant (D:4)
  An adder skeleton (D:4)
  A worm (D:4)
  3 orcs
  A giant cockroach (D:4)
  2 demonic plants (D:14)
  9 fungi
  15 plants
  A withered plant (D:15)
40 creatures vanquished.

Grand Total: 1214 creatures vanquished

Notes
Turn   | Place    | Note
-------+----------+-------------------------------------------
     0 | D:1      | rgaf the Kobold Berserker began the quest for the Orb.
     0 | D:1      | Reached XP level 1. HP: 14/14 MP: 1/1
   139 | D:1      | Reached XP level 2. HP: 12/19 MP: 2/2
   394 | D:1      | Reached skill level 5 in Short Blades
   880 | D:1      | Reached XP level 3. HP: 23/23 MP: 3/3
  1798 | D:2      | Reached ** piety under Trog
  1806 | D:2      | Reached XP level 4. HP: 28/28 MP: 4/4
  2601 | D:3      | Reached XP level 5. HP: 32/32 MP: 5/5
  2888 | D:3      | Noticed a two-headed ogre
  3312 | D:4      | Noticed Pikel
  3313 | D:4      | Noticed a slave
  3338 | D:4      | Killed Pikel
  3338 | D:4      | Reached skill level 10 in Short Blades
  3338 | D:4      | Reached XP level 6. HP: 37/37 MP: 6/6
  3338 | D:4      | Reached XP level 7. HP: 41/41 MP: 7/7
  3409 | D:4      | Noticed mole0619's ghost (amateur GrFi)
  3445 | D:4      | Killed mole0619's ghost
  3445 | D:4      | Reached skill level 4 in Fighting
  3445 | D:4      | Reached XP level 8. HP: 48/48 MP: 8/8
  3680 | D:4      | Found a deep blue altar of Sif Muna.
  4005 | D:5      | Entered Level 5 of the Dungeon
  4088 | D:5      | Reached *** piety under Trog
  4088 | D:5      | Reached skill level 5 in Fighting
  4189 | D:5      | Noticed Prince Ribbit
  4199 | D:5      | Killed Prince Ribbit
  4199 | D:5      | Reached skill level 6 in Fighting
  4359 | D:5      | Noticed Grinder
  4371 | D:5      | Reached XP level 9. HP: 55/56 MP: 9/9
  4391 | D:5      | Killed Grinder
  4393 | D:5      | Reached skill level 7 in Fighting
  4503 | D:5      | Reached skill level 5 in Armour
  4895 | D:6      | Noticed Menkaure
  4909 | D:6      | Killed Menkaure
  4909 | D:6      | Reached **** piety under Trog
  5266 | D:6      | Noticed Blork the orc
  5278 | D:6      | Killed Blork the orc
  5278 | D:6      | Reached skill level 8 in Fighting
  5435 | D:6      | Found a staircase to the Ecumenical Temple.
  6205 | D:6      | Reached XP level 10. HP: 65/65 MP: 10/10
  6226 | D:6      | Reached skill level 9 in Fighting
  7181 | D:7      | Found an opulent altar of Gozag.
  7236 | D:7      | Reached ***** piety under Trog
  7492 | D:7      | Reached skill level 1 in Evocations
  7764 | D:8      | Reached skill level 10 in Fighting
  8099 | D:8      | Received a gift from Trog
  8292 | D:8      | Noticed Gastronok
  8327 | D:8      | Killed Gastronok
  8327 | D:8      | Reached skill level 5 in Evocations
  8327 | D:8      | Reached XP level 11. HP: 29/73 MP: 12/15
  8710 | D:8      | Noticed Grum
  8880 | D:8      | Killed Grum
  9083 | D:8      | Noticed a manticore
  9223 | D:8      | Killed a manticore
  9656 | D:8      | Reached skill level 11 in Fighting
  9759 | D:8      | Noticed a three-headed hydra
  9767 | D:8      | Killed a three-headed hydra
  9792 | D:8      | Noticed Erica
  9802 | D:8      | Killed Erica
 10054 | D:9      | Received a gift from Trog
 10153 | D:9      | Noticed a two-headed ogre
 10355 | D:9      | Found a burning altar of Makhleb.
 10958 | D:9      | Reached XP level 12. HP: 67/81 MP: 18/18
 11025 | D:9      | Found a staircase to the Orcish Mines.
 11124 | D:9      | Noticed a skeletal warrior
 11124 | D:9      | Noticed a skeletal warrior
 11124 | D:9      | Noticed a skeletal warrior
 11155 | D:8      | Killed a skeletal warrior
 11155 | D:8      | Reached skill level 12 in Fighting
 11222 | D:9      | Killed a two-headed ogre
 11604 | D:9      | Noticed a skeletal warrior
 11658 | D:9      | Reached skill level 1 in Long Blades
 11781 | D:8      | Killed a skeletal warrior
 12119 | D:9      | Killed a skeletal warrior
 12122 | D:9      | Noticed a skeletal warrior
 12319 | D:9      | Killed a skeletal warrior
 12476 | D:9      | Killed a skeletal warrior
 12546 | D:10     | Entered Level 10 of the Dungeon
 12792 | D:10     | Noticed meikai's ghost (novice DDBe)
 12817 | D:10     | Killed meikai's ghost
 12817 | D:10     | Reached skill level 5 in Long Blades
 14834 | D:10     | Reached XP level 13. HP: 81/86 MP: 19/19
 14938 | D:11     | Received a gift from Trog
 15041 | D:11     | Noticed an eight-headed hydra
 15051 | D:11     | Killed an eight-headed hydra
 16126 | D:11     | Found a staircase to the Lair.
 16207 | D:11     | Found a shattered altar of Ashenzari.
 16211 | D:11     | Saw a vision of the Swamp and the Spider Nest.
 16274 | Lair:1   | Entered Level 1 of the Lair of Beasts
 16744 | Lair:1   | Reached skill level 10 in Long Blades
 17395 | Lair:2   | Noticed a seven-headed hydra
 17406 | Lair:2   | Killed a two-headed hydra
 18620 | Lair:2   | Reached XP level 14. HP: 92/92 MP: 20/20
 18741 | Lair:2   | Received a gift from Trog
 19135 | Lair:2   | Found the ring of Robustness {AC+8}
 19145 | Lair:2   | Identified the Tome of Creative Battle Magic
 19313 | Lair:2   | Found a hole to the Spider Nest.
 19321 | Lair:2   | Reached skill level 10 in Armour
 20027 | Lair:3   | Reached skill level 13 in Fighting
 20628 | Lair:3   | Found a staircase to the Swamp.
 20860 | Lair:4   | Received a gift from Trog
 21624 | Lair:4   | Noticed Josephine
 21665 | Lair:4   | Killed Josephine
 22461 | Lair:5   | Reached skill level 14 in Fighting
 22539 | Lair:5   | Found a staircase to the Slime Pits.
 22539 | Lair:5   | Found a viscous altar of Jiyva.
 23457 | Lair:5   | Reached XP level 15. HP: 96/101 MP: 21/21
 23974 | Lair:5   | Received a gift from Trog
 24207 | Lair:6   | Entered Level 6 of the Lair of Beasts
 25222 | Lair:6   | Reached skill level 15 in Fighting
 25813 | Lair:6   | Got a jade-encrusted plate armour
 25825 | Lair:6   | Identified the +0 plate armour of the Commoners {*Slow Dex+6} (You found it on level 6 of the Lair of Beasts)
 26122 | Orc:1    | Entered Level 1 of the Orcish Mines
 26297 | Orc:1    | Noticed Nergalle
 26309 | Orc:1    | Killed Nergalle
 26585 | Orc:1    | Gained mutation: You are weak. (Str -2) [a neqoxec]
 26700 | Orc:1    | Reached skill level 1 in Crossbows
 26777 | Orc:1    | Noticed Urug
 26792 | Orc:1    | Killed Urug
 27085 | Orc:2    | Entered Level 2 of the Orcish Mines
 27208 | Orc:2    | Received a gift from Trog
 27468 | Orc:2    | Reached ****** piety under Trog
 27472 | Orc:2    | Noticed an orc warlord
 27673 | Orc:1    | Killed an orc warlord
 27790 | Orc:2    | Found a staircase to the Elven Halls.
 28207 | Orc:2    | Received a gift from Trog
 28223 | Orc:2    | Reached XP level 16. HP: 110/110 MP: 22/22
 28233 | Orc:2    | Reached skill level 16 in Fighting
 28329 | Orc:2    | Found Naip's Antique Weapon Shoppe.
 28396 | Orc:2    | Found Qoexipan's Book Emporium.
 28424 | Orc:2    | Found a radiant altar of Vehumet.
 28425 | Orc:2    | Noticed Erolcha
 28442 | Orc:2    | Received a gift from Trog
 28444 | Orc:2    | Killed Erolcha
 28563 | Orc:2    | Reached skill level 5 in Crossbows
 28592 | Orc:2    | Found an ancient bone altar of Kikubaaqudgha.
 28630 | Orc:2    | Found a roughly hewn altar of Beogh.
 28630 | Orc:2    | Found Gunossiy's Distillery.
 28868 | Orc:2    | Found Methoxig's Magic Scroll Shoppe.
 28877 | Orc:2    | Bought a scroll of enchant weapon for 112 gold pieces
 28877 | Orc:2    | Bought a scroll of enchant armour for 112 gold pieces
 29051 | Orc:2    | Bought a glowing arbalest for 270 gold pieces
 31490 | D:13     | Found a portal to a secret trove of treasure.
 31685 | Orc:2    | Bought a Necronomicon for 1545 gold pieces
 31921 | D:13     | You paid a toll of a Necronomicon to enter a treasure trove
 31922 | Trove    | Entered a treasure trove
 31965 | Trove    | Got a shimmering emerald amulet
 31967 | Trove    | Got a faintly glowing amethyst amulet
 32019 | D:13     | Identified the amulet "Fugom" {+Rage rPois Int+2 SInv} (You found it in a treasure trove)
 32020 | D:13     | Identified the amulet "Xir Weso" {Spirit Fragile +Inv Str+2} (You found it in a treasure trove)
 32084 | D:13     | Noticed Snorg
 32101 | D:13     | Killed Snorg
 32271 | D:13     | Received a gift from Trog
 32487 | D:13     | Found a gate to the Vaults.
 32542 | D:13     | Noticed Maurice
 32563 | D:13     | Killed Maurice
 32767 | D:14     | Found a blossoming altar of Fedhas.
 32792 | D:14     | Found Baraisch's Magic Scroll Shoppe.
 32803 | D:14     | Bought a scroll of identify for 28 gold pieces
 32803 | D:14     | Bought a scroll of identify for 28 gold pieces
 33069 | D:14     | Found a corrupted altar of Lugonu.
 33360 | D:15     | Entered Level 15 of the Dungeon
 33365 | D:15     | Found a staircase to the Depths.
 33920 | D:15     | Received a gift from Trog
 34065 | D:15     | Reached skill level 17 in Fighting
 35320 | Swamp:1  | Entered Level 1 of the Swamp
 35408 | Swamp:1  | Reached XP level 17. HP: 109/117 MP: 7/23
 35895 | Swamp:1  | Got an ebony rapier
 35896 | Swamp:1  | Identified the +9 rapier "Gacwowke" {venom, Int+4} (You found it on level 1 of the Swamp)
 36634 | Swamp:2  | Reached skill level 10 in Crossbows
 36978 | Swamp:1  | Received a gift from Trog
 37099 | Swamp:2  | Received a gift from Trog
 38110 | Swamp:2  | Received a gift from Trog
 39185 | Swamp:3  | Noticed Louise
 39277 | Swamp:3  | Killed Louise
 39937 | Swamp:4  | Entered Level 4 of the Swamp
 39950 | Swamp:4  | Reached skill level 18 in Fighting
 40003 | Swamp:4  | Noticed a thorn hunter
 40071 | Swamp:4  | Killed a thorn hunter
 40322 | Swamp:4  | Noticed a thorn hunter
 40818 | Swamp:4  | Killed a thorn hunter
 42101 | Swamp:4  | Received a gift from Trog
 42510 | Swamp:4  | Reached XP level 18. HP: 108/126 MP: 24/24
 43323 | Swamp:4  | Got a decaying rune of Zot
 44437 | Spider:1 | Entered Level 1 of the Spider Nest
 44973 | Lair:2   | Received a gift from Trog
 45672 | Spider:1 | Received a gift from Trog
 45719 | Spider:1 | Reached skill level 19 in Fighting
 45918 | Spider:1 | Identified a scroll of acquirement
 46230 | Spider:2 | Received a gift from Trog
 47839 | Spider:3 | Received a gift from Trog
 48826 | Spider:4 | Entered Level 4 of the Spider Nest
 48892 | Spider:4 | Lost mutation: You are weak. (Str -2) [potion of mutation]
 48892 | Spider:4 | Gained mutation: You have sharp toenails. [potion of mutation]
 48892 | Spider:4 | Gained mutation: You are clumsy. (Dex -2) [potion of mutation]
 48892 | Spider:4 | Gained mutation: You are partially covered in thin metallic scales. (AC +2) [potion of mutation]
 48892 | Spider:4 | Gained mutation: Your muscles are strong. (Str +2) [potion of mutation]
 49130 | Spider:4 | Reached XP level 19. HP: 133/133 MP: 8/25
 49716 | Spider:4 | Received a gift from Trog
 50640 | Spider:4 | HP: 3/134 [spark wasp (16)]
 50640 | Spider:4 | Mangled by a spark wasp

Skill      XL: |  1  2  3  4  5  6  7  8  9 10 11 12 13 14 15 16 17 18 |
---------------+-------------------------------------------------------+-----
Short Blades   | 5 6 7 10 | 10.6
Fighting       | 4 6 8 10 11 12 14 15 17 18 19 | 19.7
Armour         | 2 4 6 7 9 11 12 13 14 | 14.3
Evocations     | 5 8 |  8.3
Long Blades    | 7 11 | 11.2
Crossbows      | 4 9 12 14 | 14.9
Dodging        | |  2.4

Action                   |  1- 3 |  4- 6 |  7- 9 | 10-12 | 13-15 | 16-18 | 19-21 || total
-------------------------+-------+-------+-------+-------+-------+-------+-------++-------
Melee: Short sword       |   108 |    29 |       |       |       |       |       ||   137
       Dagger            |       |   129 |   444 |  1257 |   215 |       |       ||  2045
       Rapier            |       |       |       |   122 |       |    60 |       ||   182
       Scimitar          |       |       |       |    37 |  1053 |   503 |    31 ||  1624
       Quick blade       |       |       |       |       |       |  1736 |   111 ||  1847
 Fire: Hand crossbow     |       |       |       |       |       |   214 |       ||   214
       Arbalest          |       |       |       |       |       |    33 |    42 ||    75
Invok: Berserk           |     2 |     4 |    13 |    31 |    27 |    43 |     3 ||   123
       Brothers in Arms  |       |       |       |     2 |     3 |     2 |       ||     7
       Burn Spellbooks   |       |       |       |       |     1 |    11 |     1 ||    13
       Trog's Hand       |       |       |       |       |       |     1 |       ||     1
Evoke: Wand              |       |       |       |     8 |    19 |     8 |     2 ||    37
  Use: Scroll            |       |     4 |     1 |     8 |    20 |    16 |     2 ||    51
       Potion            |       |       |     2 |     4 |     2 |     6 |       ||    14
 Stab: Invisible         |       |       |     6 |     2 |       |       |       ||     8
       Distracted        |       |       |       |       |     1 |     1 |       ||     2
       Confused          |       |       |       |       |       |     1 |       ||     1
  Eat: Chunk             |    12 |     9 |    21 |    55 |    69 |    96 |     5 ||   267
       Ration            |       |       |       |     4 |       |     2 |     1 ||     7
Armor: Ring mail         |    27 |    30 |       |       |       |       |       ||    57
       Chain mail        |       |       |    96 |    89 |       |       |       ||   185
       Scale mail        |       |       |       |   307 |   734 |   443 |       ||  1484
       Plate armour      |       |       |       |       |       |   871 |   142 ||  1013
Dodge: Dodged            |    79 |    59 |    98 |   566 |   859 |   815 |    55 ||  2531
Block: Other             |       |       |       |       |       |   240 |    18 ||   258
       Rpst.: Scimitar   |       |       |       |     7 |   202 |    63 |     5 ||   277
